 Dungeon Crawl Stone Soup version 0.27-a0-1105-g946c659c87 (webtiles) character file.

Game seed: 652918081878830070

1098072 mdonais the Sensei (level 27, -16/241 (278) HPs)
             Began as an Octopode Earth Elementalist on Apr 17, 2021.
             Was the Champion of Dithmenos.
             Killed from afar by a shadow dragon (23 damage)
             ... with a bolt of negative energy
             ... summoned by the Serpent of Hell
             ... on level 7 of Tartarus on May 1, 2021.
             The game lasted 07:29:46 (103565 turns).

mdonais the Sensei (Octopode Earth Elementalist)  Turns: 103565, Time: 07:29:46

HP:   -16/241 (278) AC: 43    Str: 22 (23) XL:     27
MP:   25/52         EV: 36    Int: 37 (38) God:    Dithmenos [******]
Gold: 8104          SH: 33    Dex: 28      Spells: 13/56 levels left

rFire    + + .     SeeInvis +     - Unarmed
rCold    + + .     Faith    .   y - +7 tower shield {rC+}
rNeg     + . .     Spirit   .   z - +3 hat of Pondering {ponderous, Will+ MP+10 Int+5}
rPois    ∞         Reflect  .   r - amulet of regeneration
rElec    +         Harm     .   g - ring of Ethar {Contam rCorr AC+4 Slay+5 SInv}
rCorr    +         Rampage  .   S - ring of Puicyerol {Contam rElec rF++ rC+ Str+3}
Will     ++++.                  F - +6 ring of intelligence Stlth ********++
                                a - +6 ring of dexterity
HPRegen  2.50/turn              N - ring of the Scarab {rElec rCorr Str+6 Int+5}
MPRegen  0.33/turn              L - +4 ring of protection
                                V - ring "Edidy" {AC+4 Str+3}
                                u - ring "Oses" {rCorr Dex+7}

@: brilliant, statue-form (expiring), hasted and slowed, wreathed by umbra,
studying 2 skills, silenced, heavily drained, very slow
A: slow and powerful, torment resistance 1, boosted hp, almost no armour,
amphibious, 8 rings, camouflage 1, (gelatinous body 1), (nimble swimmer 1),
tentacles, (iridescent scales 1), clumsy 1, deterioration 1, strong-willed 1,
mutation resistance 1, regeneration 1, no potion heal 1, subdued magic 3
}: 10/15 runes: serpentine, barnacled, slimy, silver, abyssal, demonic, glowing,
magical, fiery, dark
a: End Transformation, Renounce Religion


You were on level 7 of Tartarus.
You worshipped Dithmenos.
Dithmenos was exalted by your worship.
You were a living statue of rough stone.
You visited 13 branches of the dungeon, and saw 64 of its levels.
You visited Pandemonium 1 time, and saw 11 of its levels.
You visited the Abyss 2 times.
You also visited: Ossuary, Bailey and Ice Cave.

You collected 16563 gold pieces.
You spent 8459 gold pieces at shops.

Inventory:

Missiles
 x - 39 silver javelins (quivered)
 Z - 7 throwing nets {=!f}
Armour
 y - a +7 tower shield of cold resistance (worn)
   (You took it off a warmonger in Pandemonium)
 z - the +3 hat of Pondering (worn) {ponderous, Will+ MP+10 Int+5}
   (You took it off Gastronok on level 3 of the Lair of Beasts)

   It affects your intelligence (+5).
   It affects your magic capacity (+10).
   It increases your willpower.
Magical Staves
 P - a staff of earth
   (You found it on level 7 of Tartarus)
Jewellery
 a - a +6 ring of dexterity (on tentacle)
   (You bought it in a shop on level 6 of the Dungeon)
 b - the ring "Orergha" {Fly rElec rN+ rCorr Str+3}
   (You acquired it on level 3 of the Abyss)

   [ring of positive energy]

   It affects your strength (+3).
   It insulates you from electricity.
   It protects you from negative energy.
   It grants you flight.
   It protects you from acid and corrosion.
 g - the ring of Ethar (left tentacle) {Contam rCorr AC+4 Slay+5 SInv}
   (You found it on level 5 of the Pits of Slime)

   [ring of protection]

   It affects your AC (+4).
   It affects your accuracy and damage with ranged weapons and melee attacks
   (+5).
   It lets you see invisible.
   It causes magical contamination when unequipped.
   It protects you from acid and corrosion.
 k - an amulet of magic regeneration
   (You found it on level 2 of the Depths)
 p - the ring "Quiczef" {rPois rC- rN+ Str+6 Slay+4}
   (You found it on level 7 of Tartarus)

   [ring of positive energy]

   It affects your strength (+6).
   It affects your accuracy and damage with ranged weapons and melee attacks
   (+4).
   It makes you vulnerable to cold.
   It protects you from poison.
   It protects you from negative energy.
 r - an amulet of regeneration (around mantle)
   (You found it on level 2 of the Depths)
 u - the ring "Oses" (on tentacle) {rCorr Dex+7}
   (You bought it in a shop on level 4 of the Depths)

   [ring of resist corrosion]

   It affects your dexterity (+7).
   It protects you from acid and corrosion.
 v - a +4 ring of protection
   (You found it on level 3 of the Depths)
 E - the ring of Fufaff {rCorr Dex+4}
   (You found it on level 7 of Tartarus)

   [ring of resist corrosion]

   It affects your dexterity (+4).
   It protects you from acid and corrosion.
 F - a +6 ring of intelligence (on tentacle)
   (You found it in Pandemonium)
 L - a +4 ring of protection (on tentacle)
   (You took it off an ironbound convoker on level 5 of the Vaults)
 N - the ring of the Scarab (on tentacle) {rElec rCorr Str+6 Int+5}
   (You found it in Pandemonium)

   [ring of strength]

   It affects your strength (+6).
   It affects your intelligence (+5).
   It insulates you from electricity.
   It protects you from acid and corrosion.
 S - the ring of Puicyerol (right tentacle) {Contam rElec rF++ rC+ Str+3}
   (You found it on level 5 of the Vaults)

   [ring of protection from cold]

   It affects your strength (+3).
   It greatly protects you from fire.
   It protects you from cold.
   It insulates you from electricity.
   It causes magical contamination when unequipped.
 V - the ring "Edidy" (on tentacle) {AC+4 Str+3}
   (You took it off an ironbound preserver on level 5 of the Vaults)

   [ring of protection]

   It affects your AC (+4).
   It affects your strength (+3).
Wands
 A - a wand of acid (41)
   (You found it on level 9 of the Dungeon)
 D - a wand of digging (7)
   (You took it off Blork the orc on level 5 of the Dungeon)
 I - a wand of iceblast (89)
   (You found it on level 2 of the Lair of Beasts)
Scrolls
 d - a scroll of amnesia
 h - 9 scrolls of fear
 w - 3 scrolls of silence
 B - 7 scrolls of blinking
 C - 6 scrolls of holy word
 J - 2 scrolls of summoning
 M - 8 scrolls of magic mapping
 O - 9 scrolls of fog
 T - 9 scrolls of teleportation
Potions
 e - 7 potions of cancellation
 f - 5 potions of mutation
 i - 8 potions of resistance
 j - 8 potions of berserk rage
 l - 7 potions of attraction
 m - 5 potions of heal wounds
 o - 4 potions of might
 q - 4 potions of magic
 t - 2 potions of ambrosia
 H - 8 potions of haste
 K - 6 potions of brilliance
 Q - 28 potions of curing
 W - 10 potions of invisibility
Miscellaneous
 c - a lightning rod (4/4)
   (You found it on level 3 of the Elven Halls)
 n - a phantom mirror
   (You found it on level 5 of the Lair of Beasts)
 s - the horn of Geryon
   (You took it off Geryon in the Vestibule of Hell)
 G - a condenser vane
   (You found it on level 9 of the Dungeon)
 U - a phial of floods
   (You found it on level 3 of the Lair of Beasts)
 X - a box of beasts
   (You found it on level 5 of the Vaults)
 Y - a tin of tremorstones (2/2)
   (You found it on level 10 of the Dungeon)


   Skills:
 + Level 24.2 Fighting
 + Level 22.8 Dodging
 - Level 20.2 Stealth
 + Level 24.4 Shields
 + Level 25.0 Unarmed Combat
 - Level 15.2 Spellcasting
 - Level 5.0 Conjurations
 - Level 5.0 Hexes
 - Level 13.0 Translocations
 - Level 10.3 Transmutations
 - Level 24.8 Earth Magic
 - Level 1.0 Invocations
 - Level 7.8 Evocations


You had 13 spell levels left.
You knew the following spells:

 Your Spells              Type           Power      Damage    Failure   Level
a - Shatter               Erth           52%        3d40*     2%          9
b - Statue Form           Tmut/Erth      60%        N/A       0%          6
c - Lesser Beckoning      Tloc           39%        N/A       0%          3
d - Manifold Assault      Tloc           78%        N/A       1%          5
e - Wereblood             Tmut           70%        N/A       0%          2
f - Irradiate             Conj/Tmut      30%        3d23      1%          5
g - Lee's Rapid Deconstr  Erth           52%        3d26*     0%          5
h - Blink                 Tloc           N/A        N/A       0%          2
i - Dazzling Flash        Conj/Hex       100%       N/A       1%          3
j - Passwall              Tmut/Erth      75%        N/A       0%          2
k - Apportation           Tloc           100%       N/A       0%          1

Your spell library contained the following spells:

 Spells                   Type           Power      Damage    Failure   Level
 Beastly Appendage        Tmut           100%       N/A       0%          1
 Sandblast                Erth           100%       2d20      0%          1
 Sting                    Tmut/Pois      100%       1d8       0%          1
 Gell's Gravitas          Tloc           39%        N/A       0%          3
 Portal Projectile        Hex/Tloc       100%       N/A       0%          3
 Stone Arrow              Conj/Erth      100%       3d13      0%          3
 Passage of Golubria      Tloc           N/A        N/A       0%          4
 Petrify                  Tmut/Erth      90%        N/A       0%          4
 Animate Skeleton         Necr           44%        N/A       1%          1
 Corona                   Hex            56%        N/A       1%          1
 Foxfire                  Conj/Fire      100%       2x1d9     1%          1
 Magic Dart               Conj           100%       1d8       1%          1
 Pain                     Necr           88%        1d8       1%          1
 Shock                    Conj/Air       100%       1d9       1%          1
 Summon Small Mammal      Summ           88%        N/A       1%          1
 Call Imp                 Summ           22%        N/A       1%          2
 Corpse Rot               Necr/Air       N/A        N/A       1%          2
 Poisonous Vapours        Pois/Air       44%        N/A       1%          2
 Searing Ray              Conj           100%       3d7       1%          2
 Slow                     Hex            51%        N/A       1%          2
 Static Discharge         Conj/Air       36%        N/A       1%          2
 Sublimation of Blood     Necr           11%        N/A       1%          2
 Call Canine Familiar     Summ           22%        N/A       1%          3
 Confusing Touch          Hex            51%        N/A       1%          3
 Conjure Flame            Conj/Fire      36%        6-21      1%          3
 Ignite Poison            Fire/Tmut/Pois 42%        N/A       1%          3
 Inner Flame              Hex/Fire       36%        N/A       1%          3
 Mephitic Cloud           Conj/Pois/Air  31%        N/A       1%          3
 Spider Form              Tmut/Pois      25%        N/A       1%          3
 Summon Guardian Golem    Hex/Summ       36%        N/A       1%          3
 Swiftness                Air            22%        N/A       1%          3
 Tukima's Dance           Hex            51%        N/A       1%          3
 Cause Fear               Hex            25%        N/A       1%          4
 Fulminant Prism          Conj/Hex       25%        3d14      1%          4
 Hailstorm                Conj/Ice       36%        3d9       1%          4
 Ice Form                 Ice/Tmut       51%        N/A       1%          4
 Iskenderun's Mystic Bla  Conj/Tloc      65%        2d13      1%          4
 Sticky Flame             Conj/Fire      36%        2d6       1%          4
 Alistair's Intoxication  Tmut/Pois      34%        N/A       1%          5
 Bolt of Magma            Conj/Fire/Erth 34%        4d15      1%          5
 Borgnjor's Vile Clutch   Necr/Erth      38%        N/A       1%          5
 Hydra Form               Tmut           35%        N/A       1%          5
 Iskenderun's Battlesphe  Conj           51%        2d10      1%          5
 Summon Forest            Summ/Tloc      28%        N/A       1%          5
 Yara's Violent Unravell  Hex/Tmut       30%        3d13      1%          5
 Blade Hands              Tmut           35%        N/A       1%          6
 Dispersal                Tloc           39%        N/A       1%          6
 Iron Shot                Conj/Erth      41%        9d8       1%          6
 Airstrike                Air            11%        N/A       8%          4
 Animate Dead             Necr           11%        N/A       8%          4
 Dispel Undead            Necr           22%        3d12      8%          4
 Olgreb's Toxic Radiance  Pois           22%        N/A       8%          4
 Summon Ice Beast         Ice/Summ       22%        N/A       8%          4
 Summon Lightning Spire   Summ/Air       22%        N/A       8%          4
 Fireball                 Conj/Fire      18%        3d9       8%          5
 Lightning Bolt           Conj/Air       18%        1d32      8%          5
 Metabolic Englaciation   Hex/Ice        18%        N/A       8%          5
 Silence                  Hex/Air        18%        N/A       8%          5
 Summon Mana Viper        Hex/Summ       36%        N/A       8%          5
 Dragon Form              Tmut           35%        N/A       9%          7
 Eringya's Noxious Bog    Tmut/Pois      25%        N/A       16%         6
 Invisibility             Hex            51%        N/A       16%         6
 Agony                    Necr           22%        N/A       24%         5
 Excruciating Wounds      Necr           11%        N/A       24%         5
 Disjunction              Tloc           39%        N/A       28%         8
 Conjure Ball Lightning   Conj/Air       18%        3x3d6     45%         6
 Malign Gateway           Summ/Tloc      28%        N/A       50%         7
 Freezing Cloud           Conj/Ice/Air   15%        6-21      58%         6
 Orb of Destruction       Conj           25%        9d10      73%         7
 Death Channel            Necr           11%        N/A       85%         6
 Shadow Creatures         Summ           N/A        N/A       85%         6
 Simulacrum               Ice/Necr       11%        N/A       85%         6
 Spellforged Servitor     Conj/Summ      18%        N/A       97%         7
 Haunt                    Necr/Summ      11%        N/A       100%        7
 Monstrous Menagerie      Summ           11%        N/A       100%        7
 Ozocubu's Refrigeration  Ice            11%        4d7       100%        7
 Summon Hydra             Summ           11%        N/A       100%        7
 Ignition                 Fire           11%        3d5       100%        8
 Summon Horrible Things   Summ           11%        N/A       100%        8
 Dragon's Call            Summ           11%        N/A       100%        9
 Tornado                  Air            11%        N/A       100%        9


Dungeon Overview and Level Annotations

Branches:
Dungeon (15/15)            Temple (0/1) D:7            Lair (6/6) D:9
 Shoals (4/4) Lair:2        Snake (4/4) Lair:3        Slime (5/5) Lair:6
    Orc (2/2) D:12            Elf (3/3) Orc:2        Vaults (5/5) D:14
  Crypt (3/3) Vaults:3       Tomb (0/3) Crypt:3      Depths (5/5) D:15
   Hell (visited)             Dis (0/7) Hell            Geh (0/7) Hell
    Coc (0/7) Hell            Tar (7/7) Hell            Zot (5/5) Depths:5
Ossuary (visited)          Bailey (visited)           IceCv (visited)

Altars:
Dithmenos
Hepliaklqana
Kikubaaqudgha
Makhleb
Okawaru
Qazlal
Uskayaw
Wu Jian
Zin
Beogh
Jiyva

Shops:
D:5 :   D:6 =   D:13 [   Orc:2 =[*(   Elf:1 [   Elf:2 (   Snake:4 *
Vaults:2 *   Depths:3 ([[[   Depths:4 =:::   Depths:5 *[

Portals:
Hell: Depths:1 Depths:2 Depths:3 Depths:4 Depths:5
Abyss: Lair:5 Depths:1 Depths:4 Depths:5
Pandemonium: Depths:3 Depths:5
Ziggurat: Depths:4

Annotations:
Tar:7 Ereshkigal, Serpent of Hell


Innate Abilities, Weirdness & Mutations

You are a living statue of rough stone.
Your actions are slow, but your melee attacks are powerful.
You are resistant to unholy torment.
Your maximum health is greatly increased.
You are immune to poison.
Your equipment is partially melded.
You cannot wear most types of armour.
You are amphibious.
You can wear up to eight rings at the same time.
Your skin changes colour to match your surroundings (Stealth+).
((Your rubbery body absorbs attacks. (AC +1, EV +1)))
((You are camouflaged near water. (Stealth+)))
You have tentacles for arms and can constrict up to eight enemies at once.
((You are partially covered in iridescent scales. (AC +2)))
You are clumsy. (Dex -2)
Your body sometimes deteriorates upon taking damage.
You are strong-willed. (Will+)
You are somewhat resistant to further mutation.
Your natural rate of healing is unusually fast.
Potions are less effective at restoring your health.
Your spells are much easier to cast, but much less powerful.


Message History

The storm dragon barely misses you. x2; The storm dragon completely misses you.
The Serpent of Hell bites you but does no damage.
The Serpent of Hell completely misses you. x2
You block the Serpent of Hell's attack. The Serpent of Hell tramples you.
* * * LOW HITPOINT WARNING * * *
You hold your ground!
You block the shadow dragon's attack.
The shadow dragon claws you but does no damage. x2
The quicksilver dragon completely misses you.
The quicksilver dragon misses you.
Ereshkigal gestures.
Ereshkigal is healed.
The shadow dragon breathes negative energy at you.
The bolt of negative energy misses you.
The bolt of negative energy hits the Serpent of Hell.
The Serpent of Hell completely resists.
You feel a terrible foreboding...
You are engulfed in negative energy.
You partially resist.
You feel drained.
* * * LOW HITPOINT WARNING * * *
A necrophage and a zombie come into view.
You regained 4 hp, and now have 31/252 hp.
Your system partially rejects the healing.
You feel much better.
Your transformation is almost over.
You block the quicksilver dragon's attack. x2
You block the Serpent of Hell's attack. The Serpent of Hell closely misses you.
The Serpent of Hell barely misses you.
You block the Serpent of Hell's attack. x2
The storm dragon bites you but does no damage.
The storm dragon claws you but does no damage.
The storm dragon tramples you but does no damage.
Ereshkigal misses you.
The Tzitzimitl calls on the powers of darkness!
The storm dragon convulses!
Your body is wracked with pain!
* * * LOW HITPOINT WARNING * * *
The shadow dragon convulses! x2; The quicksilver dragon convulses!
The Tzitzimitl engulfs you but does no damage.
The Tzitzimitl misses you.
The shadow dragon breathes negative energy at you.
The bolt of negative energy misses you.
The bolt of negative energy misses Ereshkigal.
The Serpent of Hell completely misses you.
You block the Serpent of Hell's attack. The Serpent of Hell closely misses you.
The Serpent of Hell completely misses you. x2
The quicksilver dragon completely misses you.
The quicksilver dragon claws you but does no damage.
The shadow dragon closely misses you. The shadow dragon claws you.
* * * LOW HITPOINT WARNING * * *
The shadow dragon claws you but does no damage.
You block the storm dragon's attack. The storm dragon closely misses you.
The storm dragon completely misses you.
Ereshkigal calls on the powers of darkness!
Your body is wracked with pain!
* * * LOW HITPOINT WARNING * * *
The storm dragon convulses!
The quicksilver dragon convulses!
The shadow dragon convulses! x2
The Tzitzimitl engulfs you but does no damage.
The Tzitzimitl bites you but does no damage.
The Tzitzimitl completely misses you. The Tzitzimitl barely misses you.
The shadow dragon completely misses you.
The shadow dragon closely misses you.
The shadow dragon completely misses you.
You take 8 damage, and have 23/252 hp.
Your system partially rejects the healing.
You feel much better.
You block the quicksilver dragon's attack. x2
The Serpent of Hell barely misses you.
The Serpent of Hell completely misses you.
The Serpent of Hell misses you. The Serpent of Hell claws you!
* * * LOW HITPOINT WARNING * * *
You block the Serpent of Hell's attack. Ereshkigal completely misses you.
The storm dragon misses you. You block the storm dragon's attack.
The storm dragon tramples you but does no damage.
The shadow dragon completely misses you.
The shadow dragon closely misses you. The shadow dragon barely misses you.
The quicksilver dragon bites you.
* * * LOW HITPOINT WARNING * * *
The quicksilver dragon misses you. You block the Tzitzimitl's attack.
The Tzitzimitl completely misses you. The Serpent of Hell misses you.
You block the Serpent of Hell's attack.
The Serpent of Hell completely misses you.
The Serpent of Hell misses you.
The Serpent of Hell completely misses you.
The Tzitzimitl engulfs you but does no damage.
The Tzitzimitl bites you but does no damage.
You block Ereshkigal's attack. The shadow dragon bites you.
* * * LOW HITPOINT WARNING * * *
The shadow dragon completely misses you.
The shadow dragon closely misses you. The storm dragon misses you.
The storm dragon completely misses you. The storm dragon misses you.
The shadow dragon completely misses you. x3
The quicksilver dragon completely misses you. x2
You regained 3 hp, and now have 26/252 hp.
Press: ? - help, v - describe, . - travel
Here: the Serpent of Hell (silenced, moderately wounded, umbra)
The floor.
Unknown command.
Unknown command.
Unknown command.
Press: ? - help, v - describe, . - travel
Here: Ereshkigal (black smoke, silenced, lightly wounded, radiating silence, umbra)
The floor.
Unknown command.
Press: ? - help, v - describe, . - travel
Here: the Serpent of Hell (silenced, moderately wounded, umbra)
The floor.
Unknown command.
Unknown command.
Unknown command.
Unknown command.
Press: ? - help, v - describe, . - travel
Here: a Tzitzimitl (black smoke, silenced, severely wounded, umbra)
The floor.
Unknown command.
Unknown command.
Unknown command.
Unknown command.
Unknown command.
Unknown command.
Unknown command.
Char dumped successfully.
Your system partially rejects the healing.
You feel much better. The Serpent of Hell closely misses you.
You block the Serpent of Hell's attack. The Serpent of Hell closely misses you.
You block the Serpent of Hell's attack. The Serpent of Hell barely misses you.
You block Ereshkigal's attack. The Tzitzimitl completely misses you.
You block the Tzitzimitl's attack.
The quicksilver dragon completely misses you.
The quicksilver dragon claws you.
* * * LOW HITPOINT WARNING * * *
The Tzitzimitl misses you. The Tzitzimitl bites you!
* * * LOW HITPOINT WARNING * * *
You block the storm dragon's attack. The storm dragon closely misses you.
The storm dragon misses you. The shadow dragon barely misses you.
The shadow dragon completely misses you.
The shadow dragon misses you.
The Serpent of Hell bites you but does no damage. x2
You block the Serpent of Hell's attack. x2; The Serpent of Hell tramples you!
* * * LOW HITPOINT WARNING * * *
You hold your ground!
Ereshkigal completely misses you. The shadow dragon misses you.
The shadow dragon completely misses you.
The shadow dragon misses you. The Tzitzimitl misses you.
You block the Tzitzimitl's attack. The Tzitzimitl engulfs you!
* * * LOW HITPOINT WARNING * * *
The Tzitzimitl completely misses you.
The quicksilver dragon bites you but does no damage.
The quicksilver dragon misses you. You block the storm dragon's attack.
The storm dragon completely misses you. The storm dragon misses you.
The shadow dragon breathes negative energy at you.
The bolt of negative energy hits you!! You partially resist.
You feel drained.
You die...

## ### #####
##########..##..#..#.##.#########
.................................
.................................
..............................###
..............#§§...........###.#
..............§DDD.....######....
........##....§18Dn............⌠.
.......##......&D1...............
.......#*......§Z§#..............
.......#*##....)).###.......###''
.......#*....).....,###.....# #..
.......#*........)..,*#....####..
......##*......).....*##.###..#..
......#**............#*###......†
.....##*,.............* #........


You could see Ereshkigal (silencing), the Serpent of Hell, 2 shadow dragons, a
storm dragon (summoned), 2 Tzitzimimeh, a quicksilver dragon (summoned), a
necrophage and a storm dragon zombie.

Vanquished Creatures
  Cerebov (Pan)
  4 pandemonium lords (Pan)
  the Royal Jelly (Slime:5)
  Gloorx Vloq (Pan)
  Lom Lobon (Pan)
  Mnoleg (Pan)
  Tiamat (Zot:1)
  5 dread liches
  7 ancient liches
  Mara (Depths:1)
  11 orbs of fire
  A juggernaut (Depths:4)
  The ghost of Luegiunoocw the Wrestler, a veteran TrCK of Xom (Zot:2)
  The ghost of quaternion the Impregnable, a veteran MiFi of Makhleb (Vaults:2)
  3 royal mummies (Depths:2)
  4 Killer Klowns
  Margery (Depths:3)
  3 curse toes
  Bai Suzhen (Crypt:2)
  Geryon (Hell)
  Nikola (Elf:1)
  Jory (Crypt:3)
  13 golden dragons
  the Enchantress (Depths:1)
  4 bone dragons
  10 Brimstone Fiends (Pan)
  19 Tzitzimimeh
  8 doom hounds
  3 hellephants
  4 electric golems
  A Hell Sentinel (Pan)
  23 tentacled monstrosities
  Jorgrun (Snake:3)
  25 Orb Guardians
  An Ice Fiend (Pan)
  2 deep elf blademasters
  5 liches
  5 quicksilver dragons
  4 titans (Vaults:5)
  Asterion (Depths:3)
  A deep elf master archer (Elf:3)
  13 death cobs
  24 Executioners (Pan)
  28 acid blobs
  Frances (Elf:1)
  An eldritch tentacle (Crypt:1)
  7 ancient champions
  2 sphinxes
  Polyphemus (Shoals:2)
  Gastronok (Lair:3)
  3 tentacled starspawn
  31 shadow dragons
  2 revenants
  6 tengu reavers
  12 nagarajas (Snake:4)
  3 draconian monks
  20 storm dragons
  8 draconian knights
  16 rockslimes
  5 ghost moths
  13 fire giants
  11 azure jellies
  7 frost giants
  An iron dragon (Hell)
  Louise (Depths:1)
  11 vault wardens
  7 deep elf sorcerers
  3 orc warlords
  3 draconian shifters
  Aizul (Snake:3)
  6 warmongers (Pan)
  23 cacodemons
  6 black suns (Pan)
  22 balrugs
  5 draconian scorchers
  9 deep elf elementalists
  5 draconian stormcallers
  21 ghouls
  11 spriggan defenders
  4 curse skulls
  5 war gargoyles
  5 draconian annihilators
  11 quicksilver oozes
  A caustic shrike skeleton (Crypt:2)
  25 reapers
  20 ironbound preservers
  26 very ugly things
  17 stone giants
  8 green draconians
  6 black draconians
  2 corrupters (Pan)
  5 blood saints (Pan)
  11 lorocyprocas
  20 vampire knights
  6 deep elf demonologists
  An entropy weaver (Vaults:4)
  13 white draconians
  11 deep elf annihilators
  7 spark wasps
  7 red draconians
  13 dire elephants
  5 merfolk javelineers
  11 purple draconians
  9 green deaths
  11 yellow draconians
  2 crystal guardians
  17 ettins
  The ghost of Luam the Spear-Bearer, a journeyman OpFi of Cheibriados (Lair:5)
  9 deep elf death magi
  2 eidola (Crypt:1)
  3 salamander tyrants
  Josephine (D:10)
  15 fire dragons
  A kraken zombie (Hell)
  A quicksilver dragon zombie (Tar:7)
  18 blizzard demons
  5 deep elf high priests
  10 merfolk impalers
  2 mummy priests (Depths:2)
  15 jiangshi
  12 yaktaur captains
  10 ice dragons
  Fannar (D:10)
  An ice dragon (shapeshifter) (Vaults:5)
  18 great orbs of eyes
  Erolcha (D:10)
  2 boulder beetles
  8 rakshasas
  31 vault guards
  8 ironbound thunderhulks
  2 peacekeepers
  2 hell beasts (Hell)
  6 spriggan air magi
  20 naga warriors
  16 hydras
  4 quicksilver dragon skeletons
  2 juggernaut simulacra (Pan)
  5 monstrous demonspawn (Pan)
  8 ironbound frosthearts
  3 merfolk avatars
  3 catoblepae
  4 ogre magi
  5 merfolk aquamancers
  A fenstrider witch skeleton (Crypt:1)
  4 death knights
  3 alligator snapping turtles
  27 dancing weapons
  6 anacondas
  An alligator (shapeshifter) (Vaults:5)
  12 centaur warriors
  2 satyrs
  9 two-headed ogres
  10 deep troll shamans
  5 tengu warriors
  8 deep troll earth magi
  The ghost of Lobster4 the Carver, a novice GnWn of Uskayaw (D:10)
  8 death yaks
  13 naga sharpshooters
  8 spriggan berserkers
  17 deep elf knights
  2 hell hogs (Depths:3)
  9 thrashing horrors
  34 hell knights
  An orc high priest (Orc:2)
  A storm dragon zombie (Crypt:3)
  19 vampire magi
  43 sun demons
  33 soul eaters
  8 shock serpents
  A shock serpent (shapeshifter) (Elf:2)
  3 ironbound beastmasters
  16 sixfirhies (Pan)
  7 wretched stars
  2 iron golems (Hell)
  6 iron trolls
  4 titan skeletons
  72 skeletal warriors
  A ghost moth zombie (Tar:7)
  7 shadow wraiths
  6 salamander mystics
  11 glowing orange brains
  3 spatial maelstroms
  A swamp dragon (shapeshifter) (Depths:2)
  A storm dragon skeleton (Pan)
  3 gelid demonspawn
  2 torturous demonspawn (Pan)
  A flayed ghost (Crypt:2)
  11 shadow demons
  19 sea snakes
  2 death drakes
  A death drake (shapeshifter) (Depths:5)
  A kraken simulacrum (Shoals:4)
  3 bog bodies
  7 golden dragon zombies
  20 ironbound convokers
  An anaconda zombie (Hell)
  62 deep trolls
  8 naga ritualists
  An iron giant skeleton (Crypt:2)
  A swamp dragon (Zot:1)
  8 orc knights
  15 necromancers
  21 phantasmal warriors
  41 harpies
  22 deep elf zephyrmancers
  15 deep elf archers
  16 wizards
  Pikel (D:7)
  9 lindwurms
  2 shadow dragon zombies
  4 mana vipers
  A wolf spider zombie (Tar:7)
  An oklob plant (Shoals:1)
  5 frost giant zombies
  24 deep elf pyromancers
  A faun (shapeshifter) (Vaults:5)
  An iron dragon zombie (Crypt:3)
  3 fire giant zombies
  A shining eye (Slime:4)
  A will-o-the-wisp (Abyss:4)
  4 orc sorcerers (Orc:2)
  A manticore (shapeshifter) (Vaults:5)
  24 salamanders
  3 stone giant zombies
  10 cyclopes
  11 fauns
  2 iron dragon skeletons (Tar:7)
  14 elephants
  40 ugly things
  12 manticores
  A worldbinder (Abyss:2)
  7 guardian serpents
  3 dire elephant zombies
  An apocalypse crab (Abyss:4)
  A shock serpent zombie (Tar:2)
  34 black mambas
  34 moths of wrath
  5 merfolk sirens
  11 rust devils
  A goliath frog skeleton (Crypt:2)
  4 molten gargoyles (Hell)
  23 vault sentinels
  An alligator snapping turtle zombie (Crypt:2)
  18 naga magi
  3 stone giant skeletons
  3 frost giant skeletons (Tar:7)
  9 water nymphs
  12 eyes of devastation
  8 ice statues
  5 fire giant skeletons
  2 torpor snails (shapeshifter) (Vaults:5)
  An unseen horror (Abyss:4)
  4 dire elephant skeletons
  A cane toad (shapeshifter) (D:14)
  30 smoke demons
  9 hellions
  19 cane toads
  39 orange demons
  3 rime drakes
  An emperor scorpion zombie (Tar:4)
  2 catoblepas zombies
  30 yaktaurs
  Psyche (D:10)
  4 efreet
  A catoblepas skeleton (Crypt:1)
  5 ancient zymes
  3 tormentors
  21 demonic crawlers
  2 golden dragon simulacra (IceCv)
  14 freezing wraiths
  3 anaconda simulacra (IceCv)
  A redback zombie (Crypt:2)
  15 hellwings
  24 ice devils
  12 komodo dragons
  26 merfolk
  A minotaur skeleton (Hell)
  19 red devils
  2 silent spectres (Tar:7)
  A jumping spider (Vaults:4)
  A black draconian skeleton (Crypt:3)
  2 meliai (shapeshifter)
  2 hydra zombies
  3 meliai (D:15)
  A polar bear (Lair:6)
  2 sea snake skeletons (Hell)
  A hydra skeleton (Tar:7)
  A wind drake (shapeshifter) (D:15)
  A wolf spider simulacrum (Crypt:3)
  11 trolls
  7 wind drakes
  A harpy skeleton (Tar:7)
  9 hornets
  25 blink frogs
  2 ettin zombies
  6 dream sheep
  2 alligator zombies (Hell)
  85 slime creatures
  A raiju (Lair:5)
  53 large abominations
  2 fire giant simulacra
  10 snapping turtles
  2 fire dragon skeletons
  33 flying skulls
  11 spriggans
  33 shadows
  4 alligator skeletons (Tar:7)
  3 redbacks (Vaults:4)
  21 vampires (Crypt:3)
  An air elemental (Elf:3)
  5 starcursed masses
  4 dire elephant simulacra
  An ice dragon skeleton (Pan)
  12 wraiths
  3 wyverns
  3 centaur simulacra
  25 water elementals
  61 yaks
  Sigmund (D:4)
  2 ettin skeletons
  3 black mamba skeletons
  21 ynoxinuls
  8 golden eyes
  2 steam dragons (D:8)
  A fire bat (shapeshifter) (D:14)
  A yaktaur simulacrum (Vaults:1)
  3 basilisks
  11 fire elementals
  19 neqoxecs
  3 human zombies
  A faun zombie (Crypt:3)
  15 chaos spawn
  7 vampire mosquitoes
  Edmund (D:4)
  66 nagas
  6 wargs
  4 spatial vortices (Abyss:4)
  2 iron troll simulacra (IceCv)
  16 hydra simulacra
  An acid dragon (shapeshifter) (Vaults:2)
  12 hell hounds
  A harpy simulacrum (IceCv)
  A floating eye (Pan)
  13 water moccasins
  A water moccasin (shapeshifter) (Vaults:5)
  A monstrous demonspawn skeleton (Tar:7)
  4 acid dragons
  An alligator simulacrum (IceCv)
  A black bear (Lair:1)
  4 ettin simulacra
  13 ogres
  30 orc warriors
  2 sky beasts (D:6)
  A snapping turtle zombie (Crypt:1)
  A dream sheep zombie (Crypt:3)
  6 wolves
  2 boggarts
  16 necrophages
  4 snapping turtle skeletons
  15 centaurs
  A centaur (shapeshifter) (Vaults:2)
  2 ogres (shapeshifter)
  3 lemures (D:7)
  3 phantoms
  Blork the orc (D:5)
  A kobold brigand (D:9)
  A gnoll sergeant (D:7)
  7 bullfrogs
  A water moccasin zombie (D:2)
  2 earth elementals
  A scorpion (D:5)
  A scorpion (shapeshifter) (Vaults:2)
  A water moccasin skeleton (Crypt:3)
  A warg zombie (Crypt:1)
  12 small abominations
  A killer bee (shapeshifter) (Vaults:2)
  A polar bear skeleton (Crypt:2)
  7 wights (Tar:3)
  2 electric eels (D:6)
  2 raiju skeletons (Crypt:2)
  A howler monkey (D:9)
  5 centaur zombies
  4 crimson imps (Pan)
  4 quasits
  A bullfrog zombie (D:6)
  2 human simulacra
  3 bullfrog skeletons
  2 draconian simulacra (IceCv)
  A gnoll shaman (D:6)
  21 jellies
  A centaur skeleton (D:7)
  6 hounds
  19 orc priests
  2 iron imps (Abyss:1)
  2 iguanas
  A demonspawn skeleton (Crypt:1)
  24 orc wizards
  A polar bear simulacrum (IceCv)
  A spriggan simulacrum (IceCv)
  5 troll simulacra (IceCv)
  2 killer bee zombies
  A naga zombie (Tar:7)
  2 ogre skeletons
  2 naga skeletons
  A hound zombie (D:5)
  8 mummies (Ossuary)
  A howler monkey zombie (D:5)
  10 gnolls
  A naga simulacrum (IceCv)
  5 adders
  2 ogre simulacra (IceCv)
  3 shadow imps
  8 white imps
  7 ufetubi
  A worm zombie (Crypt:3)
  An adder skeleton (D:5)
  A worm (shapeshifter) (Vaults:2)
  2 worms (D:3)
  2 dart slugs
  76 orcs
  9 ball pythons
  4 bats
  An endoplasm (shapeshifter) (Vaults:2)
  3 endoplasms
  A giant cockroach (D:1)
  10 goblins
  A hobgoblin (shapeshifter) (Vaults:2)
  14 hobgoblins
  2 jackals (D:1)
  3 quokkas
  A river rat zombie (Crypt:2)
  4 frilled lizards
  A frilled lizard (shapeshifter) (Vaults:2)
  A frilled lizard skeleton (Crypt:2)
  2 gnoll zombies (Ossuary)
  2 hobgoblin zombies (Ossuary)
  29 kobolds
  A kobold zombie (Ossuary)
  4 orc zombies
  2 rats
  A river rat skeleton (Crypt:3)
  6 ball lightnings (Pan)
  A lurking horror (Abyss:4)
  4 tentacles
3602 creatures vanquished.

Vanquished Creatures (others)
  A deep elf master archer (Elf:3)
  A purple draconian (Zot:5)
  A green draconian (Zot:5)
  2 blizzard demons (Pan)
  3 deep elf knights
  A wizard (Depths:3)
  2 deep elf zephyrmancers (Elf:2)
  A deep elf pyromancer (Elf:1)
  A salamander (Snake:4)
  An unseen horror (Abyss:4)
  A merfolk (Shoals:4)
  A raiju (Abyss:4)
  A ynoxinul (Pan)
  A neqoxec (Pan)
  A large abomination (Pan)
  A naga (Snake:4)
  An adder (D:6)
  A white imp (Abyss:4)
  6 ball lightnings (Pan)
  7 foxfires (Abyss:4)
  41 fungi
  2 lurking horrors (Abyss:4)
  123 plants
  2 starspawn tentacles (Abyss:4)
  6 tentacles
209 creatures vanquished.

Grand Total: 3811 creatures vanquished

Notes
Turn   | Place    | Note
-------+----------+-------------------------------------------
     0 | D:1      | mdonais the Octopode Earth Elementalist began the quest for
                  | the Orb.
     0 | D:1      | Reached XP level 1. HP: 11/11 MP: 3/3
   334 | D:1      | Reached XP level 2. HP: 6/18 MP: 3/5
   535 | D:1      | You fall into a shaft and drop 1 floor!
   561 | D:2      | Found a faded altar of an unknown god.
   570 | D:2      | Became a worshipper of Dithmenos the Shadowed
   570 | D:2      | Reached * piety under Dithmenos
  1090 | D:1      | Reached skill level 1 in Fighting
  1090 | D:1      | Reached XP level 3. HP: 23/23 MP: 6/6
  1093 | D:1      | Learned a level 2 spell: Searing Ray
  1580 | D:2      | Reached skill level 1 in Conjurations
  1580 | D:2      | Reached XP level 4. HP: 11/29 MP: 3/8
  2530 | D:2      | Reached XP level 5. HP: 34/34 MP: 4/9
  2741 | D:3      | Reached ** piety under Dithmenos
  2991 | D:3      | Noticed an ogre
  3292 | D:3      | Learned a level 3 spell: Dazzling Flash
  3361 | D:3      | Learned a level 1 spell: Magic Dart
  3364 | D:3      | Learned a level 2 spell: Passwall
  4107 | D:4      | Reached XP level 6. HP: 42/42 MP: 3/10
  4429 | D:4      | Noticed Edmund
  4820 | D:4      | Noticed Sigmund
  4890 | D:5      | Entered Level 5 of the Dungeon
  5294 | D:5      | Reached XP level 7. HP: 46/46 MP: 6/11
  5495 | D:5      | Found Plog's Book Shop.
  5509 | D:5      | Learned a level 3 spell: Stone Arrow
  5637 | D:5      | Reached *** piety under Dithmenos
  5830 | D:5      | Reached skill level 1 in Unarmed Combat
  6525 | D:5      | Noticed Blork the orc
  6661 | D:5      | Reached XP level 8. HP: 38/54 MP: 1/14
  7536 | D:3      | Reached skill level 5 in Conjurations
  7685 | D:4      | Killed Edmund
  7837 | D:4      | Killed Sigmund
  7838 | D:4      | Reached skill level 5 in Spellcasting
  7838 | D:4      | Reached skill level 5 in Earth Magic
  7838 | D:4      | Reached skill level 1 in Shields
  8330 | D:6      | Reached skill level 1 in Invocations
  8740 | D:6      | Reached XP level 9. HP: 58/58 MP: 10/16
  8797 | D:6      | Reached skill level 5 in Shields
  9071 | D:6      | Found Kipa Utoo's Jewellery Shop.
  9117 | D:6      | You fall into a shaft and drop 2 floors!
  9310 | D:8      | Found a sand-covered staircase.
  9317 | Ossuary  | Entered an ossuary
 10099 | D:7      | Reached **** piety under Dithmenos
 11934 | D:7      | Found a staircase to the Ecumenical Temple.
 11945 | D:7      | Noticed Pikel
 12034 | D:7      | Killed Pikel
 12435 | D:7      | Found a burning altar of Makhleb.
 12594 | D:7      | Identified a scroll of acquirement
 12988 | D:8      | Reached XP level 10. HP: 63/63 MP: 13/19
 13165 | D:8      | Reached skill level 1 in Hexes
 13165 | D:8      | Reached skill level 1 in Evocations
 13972 | D:9      | Noticed a two-headed ogre
 14116 | D:9      | Found a staircase to the Lair.
 14680 | D:9      | Acquired 810 gold pieces
 14774 | D:6      | Bought a +6 ring of intelligence for 819 gold pieces
 15113 | D:9      | Killed a two-headed ogre
 15385 | D:10     | Entered Level 10 of the Dungeon
 15627 | D:10     | Noticed Fannar
 15867 | D:10     | Noticed Josephine
 15949 | D:10     | Reached skill level 5 in Fighting
 16045 | D:10     | Killed Josephine
 16046 | D:10     | Reached skill level 5 in Stealth
 16128 | D:10     | Reached XP level 11. HP: 47/72 MP: 9/21
 16259 | D:10     | Noticed Psyche
 16269 | D:10     | Killed Psyche
 16806 | D:10     | Noticed Erolcha
 17258 | D:5      | Killed Blork the orc
 17491 | Lair:1   | Entered Level 1 of the Lair of Beasts
 18039 | Lair:1   | Reached skill level 5 in Dodging
 18416 | Lair:1   | Identified the +3 whip of Lust {venom, rN+ Str+6 Dex-5}
 18650 | Lair:1   | Reached skill level 2 in Unarmed Combat
 19117 | Lair:1   | Reached skill level 3 in Unarmed Combat
 20025 | Lair:2   | Noticed a six-headed hydra
 20029 | Lair:2   | Killed a six-headed hydra
 20113 | Lair:2   | Found a staircase to the Shoals.
 20114 | Lair:2   | Noticed a manticore
 20125 | Lair:2   | Reached XP level 12. HP: 62/82 MP: 6/22
 20332 | Lair:2   | Noticed a four-headed hydra
 20338 | Lair:2   | Killed a four-headed hydra
 20399 | Lair:2   | Identified the Volume of Feathery Venom
 20491 | Lair:2   | Reached skill level 10 in Shields
 21444 | Lair:2   | Noticed a four-headed hydra
 21612 | Lair:2   | Killed a four-headed hydra
 22317 | Lair:3   | Noticed a death yak
 22317 | Lair:3   | Noticed a death yak
 22317 | Lair:3   | Noticed a death yak
 22317 | Lair:3   | Noticed a death yak
 22325 | Lair:2   | Killed a death yak
 22755 | Lair:2   | Killed a death yak
 22866 | Lair:2   | Killed a death yak
 23040 | Lair:2   | Killed a death yak
 23147 | Lair:3   | Reached XP level 13. HP: 92/92 MP: 13/24
 23222 | Lair:3   | Found a staircase to the Snake Pit.
 23596 | Lair:3   | Reached skill level 10 in Fighting
 23966 | Lair:3   | Noticed Gastronok
 23977 | Lair:3   | Killed Gastronok
 25082 | Lair:4   | Reached skill level 5 in Transmutations
 25774 | Lair:4   | Reached skill level 4 in Unarmed Combat
 26303 | Lair:4   | Reached skill level 5 in Unarmed Combat
 27109 | Lair:4   | Identified the +2 leather armour "Buatuuqo" {Will+ Int+6}
 27250 | Lair:4   | Reached skill level 6 in Unarmed Combat
 27974 | Lair:5   | Reached XP level 14. HP: 93/99 MP: 25/26
 28335 | D:5      | Bought a book of Transfigurations for 770 gold pieces
 28342 | D:5      | Learned a level 6 spell: Statue Form
 28843 | Lair:5   | Found a transporter.
 29462 | Lair:5   | Found a transporter.
 29464 | Lair:5   | Found a one-way gate to the infinite horrors of the Abyss.
 29464 | Lair:5   | Noticed Luam's ghost (journeyman OpFi)
 29853 | D:10     | Killed Fannar
 29960 | D:10     | Killed Erolcha
 30017 | D:10     | Found a runed translucent door.
 30021 | D:10     | Noticed Lobster4's ghost (novice GnWn)
 30036 | D:10     | Killed Lobster4's ghost
 30471 | D:11     | Reached skill level 10 in Earth Magic
 30831 | D:11     | Learned a level 5 spell: Lee's Rapid Deconstruction
 31062 | D:12     | Reached ***** piety under Dithmenos
 31063 | D:12     | Reached skill level 7 in Unarmed Combat
 31162 | D:12     | Found a flagged portal.
 31179 | Bailey   | Entered a bailey
 31686 | D:12     | Found a staircase to the Orcish Mines.
 32504 | D:12     | Found a staircase to the Orcish Mines.
 32908 | Orc:1    | Entered Level 1 of the Orcish Mines
 33162 | Orc:1    | Reached skill level 8 in Unarmed Combat
 33464 | Orc:2    | Entered Level 2 of the Orcish Mines
 33509 | Orc:2    | Noticed an orc warlord
 33608 | Orc:1    | Killed an orc warlord
 34262 | Orc:2    | Reached skill level 9 in Unarmed Combat
 34457 | Orc:2    | Noticed an orc warlord
 34488 | Orc:2    | Killed an orc warlord
 34489 | Orc:2    | Reached XP level 15. HP: 63/104 MP: 11/27
 34737 | Orc:2    | Noticed an orc warlord
 34845 | Orc:2    | Killed an orc warlord
 34846 | Orc:2    | Reached skill level 10 in Unarmed Combat
 35076 | Orc:2    | Found Cydext's Antique Armour Boutique.
 35085 | Orc:2    | Found a staircase to the Elven Halls.
 35101 | Orc:2    | Found Vyerev's Antique Weapon Boutique.
 35145 | Orc:2    | Found Vuixak's General Store.
 35161 | Orc:2    | Found Xar Qiru's Jewellery Boutique.
 35886 | Orc:2    | Bought a ring of willpower for 300 gold pieces
 35887 | Orc:2    | Bought an amulet of reflection for 360 gold pieces
 36063 | D:6      | Bought a +6 ring of dexterity for 819 gold pieces
 36265 | Lair:6   | Entered Level 6 of the Lair of Beasts
 36287 | Lair:6   | Found an ornate altar of the Wu Jian Council.
 36292 | Lair:6   | Found a hide-covered altar of Uskayaw.
 36422 | Lair:6   | Found a staircase to the Slime Pits.
 36430 | Lair:6   | Reached ****** piety under Dithmenos
 36747 | Lair:6   | Gained mutation: Your spells are a little easier to cast,
                  | but a little less powerful. [mutagenic glow]
 36783 | Lair:6   | Reached skill level 11 in Unarmed Combat
 37825 | Lair:6   | Identified the Papyrus of Evil Arts and Execration
 38011 | Lair:6   | Found an ornate altar of the Wu Jian Council.
 38013 | Lair:6   | Found a hide-covered altar of Uskayaw.
 38087 | Lair:6   | Found a staircase to the Slime Pits.
 39010 | Lair:5   | Killed Luam's ghost
 39280 | D:13     | Found Uptoum's Antique Armour Boutique.
 39496 | D:13     | Reached XP level 16. HP: 112/112 MP: 28/28
 40452 | D:14     | Reached skill level 12 in Unarmed Combat
 40460 | D:14     | Found a gate to the Vaults.
 40649 | D:15     | Entered Level 15 of the Dungeon
 40680 | D:15     | Found a staircase to the Depths.
 40911 | D:15     | Found a stormy altar of Qazlal.
 42094 | Snake:1  | Entered Level 1 of the Snake Pit
 45016 | Snake:3  | Reached XP level 17. HP: 119/119 MP: 29/29
 45364 | Snake:3  | Noticed Jorgrun
 45372 | Snake:3  | Killed Jorgrun
 45374 | Snake:3  | Noticed Aizul
 45393 | Snake:3  | Killed Aizul
 45608 | Snake:3  | Found an ornate altar of the Wu Jian Council.
 45613 | Snake:3  | Reached skill level 10 in Dodging
 45974 | Snake:4  | Entered Level 4 of the Snake Pit
 46260 | Snake:4  | Reached skill level 13 in Unarmed Combat
 46846 | Snake:4  | Found Zaptejeb's General Store.
 47804 | Snake:4  | Reached XP level 18. HP: 128/128 MP: 31/31
 47874 | Snake:4  | Reached skill level 14 in Unarmed Combat
 48998 | Snake:4  | Reached skill level 5 in Hexes
 49338 | Snake:4  | Got a serpentine rune of Zot
 49621 | Snake:4  | Found Zaptejeb's General Store.
 50155 | Shoals:1 | Entered Level 1 of the Shoals
 50157 | Shoals:1 | Found a hazy altar of Hepliaklqana.
 50167 | Shoals:1 | Reached skill level 15 in Unarmed Combat
 50265 | Shoals:1 | Learned a level 2 spell: Wereblood
 50271 | Shoals:1 | Learned a level 5 spell: Irradiate
 50275 | Shoals:1 | Learned a level 3 spell: Lesser Beckoning
 50473 | Shoals:1 | Reached skill level 1 in Translocations
 51799 | Shoals:2 | Noticed Polyphemus
 51806 | Shoals:2 | Killed Polyphemus
 51962 | Shoals:2 | Reached XP level 19. HP: 135/135 MP: 32/32
 52833 | Shoals:3 | Found a frozen archway.
 52895 | IceCv    | Entered an ice cave
 53619 | IceCv    | Identified the Grimoire of the Aerial Blaze
 54408 | Shoals:3 | Reached skill level 16 in Unarmed Combat
 54637 | Shoals:4 | Entered Level 4 of the Shoals
 55892 | Shoals:4 | Identified the +9 lajatang of Prudence {spect, rPois rN+
                  | Str-4 Int+5}
 56115 | Shoals:4 | Reached skill level 5 in Translocations
 56695 | Shoals:4 | Got a barnacled rune of Zot
 57194 | D:6      | Bought the ring "Yjucuih" {rF+ rC+++ MP-9 Dex+3 Stlth-} for
                  | 742 gold pieces
 57705 | Elf:1    | Entered Level 1 of the Elven Halls
 57720 | Elf:1    | Found Jujuudd's Armour Shop.
 57820 | Elf:1    | Gained mutation: Your magical capacity is low. (-10% MP) [a
                  | neqoxec]
 57821 | Elf:1    | Gained mutation: Your magical capacity is very low. (-20%
                  | MP) [a neqoxec]
 57917 | Elf:1    | Identified the Reference Book on Creation
 57936 | Elf:1    | Reached XP level 20. HP: 144/144 MP: 23/26
 57956 | Elf:1    | Noticed Frances
 57965 | Elf:1    | Killed Frances
 57981 | Elf:1    | Reached skill level 15 in Shields
 58241 | Elf:1    | Noticed Nikola
 58249 | Elf:1    | Killed Nikola
 58250 | Elf:1    | Reached skill level 17 in Unarmed Combat
 58628 | Elf:2    | Found Veez's Weapon Emporium.
 58698 | Elf:2    | Identified the +9 dagger of Havoc {venom, rElec Str+5
                  | Int+4}
 58713 | Elf:2    | Identified the +9 morningstar "Kuitunug" {protect, +Rage}
 58728 | Elf:2    | Found a runed translucent gate.
 58729 | Elf:2    | Found a runed translucent gate.
 58782 | Elf:2    | Reached skill level 15 in Fighting
 58968 | Elf:2    | Found a runed translucent gate.
 59495 | Elf:2    | Reached skill level 5 in Evocations
 59755 | Elf:3    | Entered Level 3 of the Elven Halls
 61056 | Elf:3    | Identified the +12 spear of Entrepreneurial Spirit {flame,
                  | rF+ rC+ Str+8 Int-4}
 61108 | Elf:3    | Reached XP level 21. HP: 152/152 MP: 15/27
 61265 | Elf:3    | Identified the +11 falchion of a Gauntlet {freeze, rPois
                  | rC+}
 61274 | Elf:3    | Identified the amulet "Ysioc" {Spirit Stlth+}
 61317 | Elf:3    | Identified the Almanac of Unholy Calling
 61755 | Vaults:1 | Entered Level 1 of the Vaults
 62436 | Vaults:1 | Reached skill level 10 in Stealth
 63186 | Vaults:1 | Acquired 1004 gold pieces
 63188 | Vaults:1 | Acquired a book of the Warp
 63511 | Vaults:2 | Reached skill level 18 in Unarmed Combat
 63524 | Vaults:2 | Learned a level 5 spell: Manifold Assault
 63583 | Vaults:2 | Found Tutes's General Store.
 64235 | Vaults:2 | Found a runed translucent gate.
 64235 | Vaults:2 | Found a runed translucent gate.
 64236 | Vaults:2 | Found a runed translucent gate.
 64593 | Vaults:2 | Found a runed translucent gate.
 64593 | Vaults:2 | Found a runed translucent gate.
 64601 | Vaults:2 | Found a runed translucent gate.
 64604 | Vaults:2 | Noticed quaternion's ghost (veteran MiFi)
 64674 | Vaults:3 | Reached skill level 10 in Translocations
 64674 | Vaults:3 | Reached XP level 22. HP: 160/160 MP: 24/28
 65202 | Vaults:3 | Found a staircase to the Crypt.
 65609 | Vaults:3 | Reached skill level 15 in Dodging
 66548 | Vaults:4 | Identified the +5 shortbow of Calamity {freeze, Contam
                  | rElec MP+9 Stlth+}
 67118 | Vaults:5 | Entered Level 5 of the Vaults
 67123 | Vaults:5 | Noticed an ancient lich
 67135 | Vaults:5 | Reached skill level 19 in Unarmed Combat
 67135 | Vaults:5 | Reached XP level 23. HP: 156/169 MP: 21/28
 67179 | Vaults:5 | Identified the ring "Edidy" {AC+4 Str+3}
 67534 | Vaults:5 | Noticed a golden dragon
 67541 | Vaults:5 | Killed a golden dragon
 67549 | Vaults:5 | Killed an ancient lich
 67599 | Vaults:5 | Cast into level 2 of the Abyss (a deep elf sorcerer)
 67677 | Abyss:2  | Upgraded the game from 0.27-a0-1006-g1fd4cec11e to
                  | 0.27-a0-1036-g8e1b44f6bd
 67926 | Vaults:5 | Escaped the Abyss
 68211 | Vaults:5 | Reached XP level 24. HP: 179/179 MP: 13/28
 68431 | Vaults:5 | Got a silver rune of Zot
 68570 | Vaults:5 | Reached skill level 20 in Unarmed Combat
 68806 | Vaults:5 | Identified the +7 arbalest of the Distant Future {elec,
                  | Fragile rElec rF+ Stlth+}
 69001 | Vaults:5 | Identified the ring of Puicyerol {Contam rElec rF++ rC+
                  | Str+3}
 69436 | D:15     | Learned a level 2 spell: Blink
 69892 | Vaults:2 | Bought a potion of curing for 69 gold pieces
 69962 | Vaults:2 | Killed quaternion's ghost
 69966 | Vaults:2 | Learned a level 1 spell: Apportation
 69970 | Vaults:2 | Identified the +1 cloak of Ceta {rPois Str+8}
 70177 | Orc:2    | Bought a potion of resistance for 150 gold pieces
 70177 | Orc:2    | Bought a potion of haste for 150 gold pieces
 70177 | Orc:2    | Bought a scroll of amnesia for 52 gold pieces
 70480 | Snake:4  | Bought a scroll of blinking for 105 gold pieces
 70480 | Snake:4  | Bought a scroll of enchant armour for 105 gold pieces
 70891 | Crypt:1  | Entered Level 1 of the Crypt
 71031 | Crypt:1  | Gained mutation: Your spells are easier to cast, but less
                  | powerful. [mutagenic glow]
 71035 | Crypt:1  | Reached skill level 10 in Transmutations
 71048 | Crypt:1  | Gained mutation: Your spells are much easier to cast, but
                  | much less powerful. [mutagenic glow]
 71054 | Crypt:1  | Gained mutation: You are dopey. (Int -2) [mutagenic glow]
 72148 | Crypt:2  | Noticed Bai Suzhen
 72158 | Crypt:2  | Killed Bai Suzhen
 72159 | Crypt:2  | Reached skill level 10 in Spellcasting
 72203 | Crypt:2  | Lost mutation: Your spells are much easier to cast, but
                  | much less powerful. [potion of mutation]
 72203 | Crypt:2  | Lost mutation: Your spells are easier to cast, but less
                  | powerful. [potion of mutation]
 72203 | Crypt:2  | Lost mutation: Your magical capacity is very low. (-20% MP)
                  | [potion of mutation]
 72203 | Crypt:2  | Lost mutation: Your magical capacity is low. (-10% MP)
                  | [potion of mutation]
 72203 | Crypt:2  | Gained mutation: You have an increased reservoir of magic.
                  | (+10% MP) [potion of mutation]
 72203 | Crypt:2  | Gained mutation: You are strong-willed. (Will+) [potion of
                  | mutation]
 72203 | Crypt:2  | Gained mutation: You evolve. [potion of mutation]
 72738 | Crypt:3  | Entered Level 3 of the Crypt
 72822 | Crypt:3  | Reached XP level 25. HP: 185/185 MP: 41/41
 72860 | Crypt:3  | Identified the +6 spear "Goblinbane" {freeze, *Noise +Blink
                  | rF+}
 72981 | Crypt:2  | Noticed an ancient lich
 72985 | Crypt:2  | Killed an ancient lich
 73533 | Crypt:3  | Identified the Incunabulum of Dark Rituals
 73670 | Crypt:3  | Gained mutation: Potions are less effective at restoring
                  | your health. [evolution]
 73769 | Crypt:3  | Found a staircase to the Tomb.
 73976 | Crypt:3  | Noticed Jory
 73982 | Crypt:3  | Killed Jory
 73989 | Crypt:3  | Identified the ring of Zifashru {rPois rN+}
 73989 | Crypt:3  | Identified the ring "Fiydah" {rN+ Dex+2 Stlth+}
 73989 | Crypt:3  | Identified the ring "Timou" {rElec rN+ rCorr MP+9 Int-5}
 74272 | Depths:1 | Entered Level 1 of the Depths
 74322 | Depths:1 | Noticed the Enchantress
 74344 | Depths:1 | Killed the Enchantress
 74519 | Depths:1 | Upgraded the game from 0.27-a0-1036-g8e1b44f6bd to
                  | 0.27-a0-1071-ga85bd9520d
 74668 | Depths:1 | Reached skill level 21 in Unarmed Combat
 74728 | Depths:1 | Noticed Louise
 74735 | Depths:1 | Killed Louise
 74741 | Depths:1 | Identified the Handbook of Earthen Air
 75227 | Depths:1 | Found a gateway to Hell.
 75355 | Depths:1 | Noticed Mara
 75361 | Depths:1 | Noticed mdonais's illusion
 75364 | Depths:1 | Killed Mara
 75784 | Depths:2 | Reached XP level 26. HP: 195/195 MP: 40/41
 76424 | Depths:2 | Noticed a royal mummy
 76431 | Depths:2 | Killed a royal mummy
 76701 | Depths:2 | Noticed a royal mummy
 76709 | Depths:2 | Killed a royal mummy
 76709 | Depths:2 | Noticed a royal mummy
 76719 | Depths:2 | Killed a royal mummy
 76835 | Depths:2 | Found the +7 sceptre of Torment {pain, torment}
 77014 | Depths:2 | Found an iron altar of Okawaru.
 77246 | Depths:3 | Found Sasheekh's Armour Boutique.
 77305 | Depths:3 | Found Koisomed's Antique Armour Boutique.
 77305 | Depths:3 | Found Nibixyoq's Armour Shop.
 77310 | Depths:3 | Found Dezy's Antique Weapon Shop.
 77339 | Depths:3 | Acquired 1112 gold pieces
 77430 | Depths:3 | Found a one-way gate leading to the halls of Pandemonium.
 77576 | Depths:3 | Noticed Margery
 77581 | Depths:3 | Killed Margery
 77750 | Depths:3 | You fall into a shaft and drop 2 floors!
 77750 | Depths:5 | Entered Level 5 of the Depths
 77750 | Depths:5 | Found Qeireasch's Antique Armour Boutique.
 78144 | Depths:3 | Noticed Asterion
 78154 | Depths:3 | Killed Asterion
 78244 | Depths:3 | Identified the +7 hunting sling "Jucsalui" {vorpal, rElec
                  | Int+7 Stlth+}
 78284 | Depths:3 | Reached skill level 15 in Stealth
 78352 | Depths:3 | Identified the +10 dire flail of Modern Watchfulness
                  | {protect, rN+ Str+6}
 78789 | Depths:3 | Reached XP level 27. HP: 201/203 MP: 41/41
 78996 | Depths:4 | Found a gateway to a ziggurat.
 78996 | Depths:4 | Found Leuda's One-of-a-Kind Books.
 79349 | Depths:4 | Noticed an ancient lich
 79354 | Depths:4 | Killed an ancient lich
 79700 | Depths:4 | Found Gadec's Book Boutique.
 79702 | Depths:4 | Found Qeibb's Jewellery Emporium.
 79703 | Depths:4 | Found Voiroq's Book Boutique.
 79711 | Depths:4 | Bought the ring "Oses" {rCorr Dex+7} for 708 gold pieces
 79806 | Depths:4 | Found a glowing silver altar of Zin.
 80030 | Depths:4 | You fall into a shaft and drop 1 floor!
 80095 | Depths:4 | Identified the Volume of the Nocuous Compass
 80332 | Depths:4 | Noticed a juggernaut
 80339 | Depths:4 | Killed a juggernaut
 80523 | Depths:5 | Identified the Guide on Displaced Heat
 80586 | Depths:5 | Gained mutation: Your natural rate of healing is unusually
                  | fast. [evolution]
 80751 | Depths:5 | Found a gate to the Realm of Zot.
 80978 | Depths:5 | Found a viscous altar of Jiyva.
 81080 | Depths:5 | Found Miocwop's Assorted Antiques.
 81086 | Depths:5 | Bought a potion of heal wounds for 170 gold pieces
 81086 | Depths:5 | Bought a potion of haste for 340 gold pieces
 81086 | Depths:5 | Bought a potion of brilliance for 136 gold pieces
 81285 | Zot:1    | Entered Level 1 of the Realm of Zot
 81339 | Depths:4 | Bought A Thorough Guide to the Arcane Arts for 1826 gold
                  | pieces
 81349 | Depths:4 | Learned a level 9 spell: Shatter
 81753 | Zot:1    | Reached skill level 15 in Earth Magic
 82250 | Zot:1    | Found the +4 dragonskin cloak
 82250 | Zot:1    | Identified the ring "Ciobbogh" {Fly rN+}
 82250 | Zot:1    | Noticed Tiamat
 82269 | Zot:1    | Killed Tiamat
 82483 | Zot:1    | Identified the +1 robe "Naozaech" {-Cast rN++ Dex+4}
 82721 | Zot:1    | You fall into a shaft and drop 1 floor!
 83304 | Zot:2    | Noticed an orb of fire
 83318 | Zot:2    | Killed an orb of fire
 83860 | Zot:2    | Found a runed translucent gate.
 83892 | Zot:2    | Found a runed translucent gate.
 83894 | Zot:2    | Found a runed translucent gate.
 83895 | Zot:2    | Found an ancient bone altar of Kikubaaqudgha.
 83895 | Zot:2    | Noticed an ancient lich
 83895 | Zot:2    | Noticed Luegiunoocw's ghost (veteran TrCK)
 83895 | Zot:2    | Noticed an ancient lich
 83897 | Zot:2    | Noticed an ancient lich
 83897 | Zot:2    | Noticed a dread lich
 84120 | Zot:2    | Killed an ancient lich
 84125 | Zot:2    | Killed a dread lich
 84127 | Zot:2    | Killed an ancient lich
 84135 | Zot:2    | Killed Luegiunoocw's ghost
 84138 | Zot:2    | Killed an ancient lich
 84143 | Zot:2    | Identified the ring "Reastoha" {Fly rPois rF- Str+4}
 84154 | Zot:2    | Identified the -6 helmet of the Centipede {Rampage Will+}
 84159 | Zot:2    | Identified Kikubaaqudgha's Compendium of Dark Rites
 85126 | Zot:3    | Identified the ring "Ujinwun" {Wiz MP+9}
 85941 | Zot:4    | Identified the +5 halberd of Diet Blood {vorpal, rPois rC-
                  | rN+++ rCorr}
 86078 | Zot:5    | Entered Level 5 of the Realm of Zot
 86471 | Zot:5    | Reached skill level 15 in Spellcasting
 86638 | Zot:5    | Noticed an orb of fire
 86642 | Zot:5    | Noticed an orb of fire
 86642 | Zot:5    | Noticed an orb of fire
 86642 | Zot:5    | Noticed a dread lich
 86643 | Zot:5    | Noticed an orb of fire
 86643 | Zot:5    | Noticed an orb of fire
 86655 | Zot:4    | Killed an orb of fire
 86657 | Zot:5    | Noticed an orb of fire
 86657 | Zot:5    | Gained mutation: Your body sometimes deteriorates upon
                  | taking damage. [an orb of fire]
 86660 | Zot:4    | Gained mutation: You occasionally shout uncontrollably at
                  | your foes. [an orb of fire]
 86662 | Zot:4    | Killed a dread lich
 86662 | Zot:4    | Gained mutation: You are weak. (Str -2) [an orb of fire]
 86665 | Zot:4    | Gained mutation: You are clumsy. (Dex -2) [an orb of fire]
 86666 | Zot:4    | Killed an orb of fire
 86668 | Zot:4    | Gained mutation: You are very weak. (Str -4) [an orb of
                  | fire]
 86672 | Zot:4    | Gained mutation: Your body often deteriorates upon taking
                  | damage. [an orb of fire]
 86674 | Zot:4    | Gained mutation: You are very clumsy. (Dex -4) [an orb of
                  | fire]
 86677 | Zot:4    | Killed an orb of fire
 86680 | Zot:4    | Gained mutation: Your spells are easier to cast, but less
                  | powerful. [an orb of fire]
 86682 | Zot:4    | Killed an orb of fire
 86734 | Zot:5    | Noticed an orb of fire
 86734 | Zot:5    | Noticed an orb of fire
 86735 | Zot:5    | Lost mutation: You have an increased reservoir of magic.
                  | (+10% MP) [an orb of fire]
 86737 | Zot:5    | Noticed an orb of fire
 86737 | Zot:5    | Lost mutation: You are dopey. (Int -2) [an orb of fire]
 86745 | Zot:4    | Gained mutation: You are highly strong-willed. (Will++) [an
                  | orb of fire]
 86747 | Zot:4    | Gained mutation: Your spells are much easier to cast, but
                  | much less powerful. [an orb of fire]
 86748 | Zot:4    | Killed an orb of fire
 86751 | Zot:4    | Killed an orb of fire
 86755 | Zot:4    | Gained mutation: You are frail. (-10% HP) [an orb of fire]
 86757 | Zot:4    | Gained mutation: You sometimes lose the ability to read
                  | scrolls when taking damage. [an orb of fire]
 86758 | Zot:4    | Killed an orb of fire
 86759 | Zot:4    | Reached skill level 22 in Unarmed Combat
 86763 | Zot:4    | Gained mutation: You are dopey. (Int -2) [an orb of fire]
 86766 | Zot:4    | Killed an orb of fire
 86829 | Zot:5    | Noticed a dread lich
 86837 | Zot:5    | Killed a dread lich
 86837 | Zot:5    | Gained mutation: You are very frail. (-20% HP) [an orb of
                  | fire]
 86840 | Zot:5    | Gained mutation: Your magical capacity is low. (-10% MP)
                  | [an orb of fire]
 86841 | Zot:5    | Noticed an orb of fire
 86843 | Zot:4    | Gained mutation: You are very dopey. (Int -4) [an orb of
                  | fire]
 86848 | Zot:4    | Gained mutation: You frequently scream uncontrollably at
                  | your foes. [an orb of fire]
 86850 | Zot:4    | Killed an orb of fire
 86904 | Zot:4    | Gained mutation: Your magical capacity is very low. (-20%
                  | MP) [an orb of fire]
 86909 | Zot:4    | Killed an orb of fire
 87361 | Zot:5    | Upgraded the game from 0.27-a0-1071-ga85bd9520d to
                  | 0.27-a0-1081-ge8a0a9c698
 87361 | Zot:5    | Lost mutation: You are highly strong-willed. (Will++)
                  | [potion of mutation]
 87361 | Zot:5    | Lost mutation: You are very weak. (Str -4) [potion of
                  | mutation]
 87361 | Zot:5    | Lost mutation: You evolve. [potion of mutation]
 87361 | Zot:5    | Gained mutation: You are somewhat resistant to further
                  | mutation. [potion of mutation]
 87362 | Zot:5    | Lost mutation: You are weak. (Str -2) [potion of mutation]
 87362 | Zot:5    | Lost mutation: You are very dopey. (Int -4) [potion of
                  | mutation]
 87362 | Zot:5    | Lost mutation: You frequently scream uncontrollably at your
                  | foes. [potion of mutation]
 87363 | Zot:5    | Lost mutation: You are very frail. (-20% HP) [potion of
                  | mutation]
 87363 | Zot:5    | Lost mutation: Your magical capacity is very low. (-20% MP)
                  | [potion of mutation]
 87363 | Zot:5    | Lost mutation: You sometimes lose the ability to read
                  | scrolls when taking damage. [potion of mutation]
 87364 | Zot:5    | Lost mutation: You are very clumsy. (Dex -4) [potion of
                  | mutation]
 87364 | Zot:5    | Lost mutation: Your magical capacity is low. (-10% MP)
                  | [potion of mutation]
 87365 | Zot:5    | Lost mutation: You occasionally shout uncontrollably at
                  | your foes. [potion of mutation]
 87365 | Zot:5    | Lost mutation: You are dopey. (Int -2) [potion of mutation]
 87366 | Zot:5    | Lost mutation: You are frail. (-10% HP) [potion of
                  | mutation]
 87366 | Zot:5    | Lost mutation: Your body often deteriorates upon taking
                  | damage. [potion of mutation]
 87366 | Zot:5    | Lost mutation: Your body sometimes deteriorates upon taking
                  | damage. [potion of mutation]
 87366 | Zot:5    | Gained mutation: You are partially covered in iridescent
                  | scales. (AC +2) [potion of mutation]
 87517 | Depths:4 | Bought the ring "Puibbox" {rElec rCorr AC+4 Dex-3} for 838
                  | gold pieces
 88088 | Pan      | Entered Pandemonium
 88149 | Pan      | Found an exit through the horrors of the Abyss.
 88282 | Pan      | Noticed Petsug the pandemonium lord
 88296 | Pan      | Killed Petsug the pandemonium lord
 88330 | Pan      | Got a demonic rune of Zot
 89206 | Pan      | Entered the realm of Gloorx Vloq.
 89516 | Pan      | Noticed Gloorx Vloq
 89535 | Pan      | Killed Gloorx Vloq
 89600 | Pan      | Got a dark rune of Zot
 89693 | Pan      | Found an exit through the horrors of the Abyss.
 90537 | Pan      | Entered the realm of Cerebov.
 90661 | Pan      | Identified the amulet "Ziamor" {Faith rElec Str+2}
 90664 | Pan      | Identified the ring of the Scarab {rElec rCorr Str+6 Int+5}
 90762 | Pan      | Identified the +8 hand axe of Ancient Evil {vorpal, rCorr
                  | Str-5 Int+3 Dex+7}
 90782 | Pan      | Identified the +4 ring mail of the Slug {Stlth+}
 90783 | Pan      | Identified the +5 falchion of Dissolution {flame, SInv
                  | Stlth+}
 90804 | Pan      | Found the +6 sword of Cerebov {flame}
 90804 | Pan      | Noticed Cerebov
 90827 | Pan      | Killed Cerebov
 90985 | Pan      | Identified the +5 hunting sling of the Harvest {speed,
                  | +Blink rPois}
 91012 | Pan      | Got a fiery rune of Zot
 91315 | Pan      | Upgraded the game from 0.27-a0-1081-ge8a0a9c698 to
                  | 0.27-a0-1084-g78b3836a5f
 91315 | Pan      | Upgraded the game from 0.27-a0-1084-g78b3836a5f to
                  | 0.27-a0-1105-g946c659c87
 91874 | Pan      | Found a runed translucent door.
 91876 | Pan      | Found a runed translucent door.
 91882 | Pan      | Found a runed translucent door.
 91886 | Pan      | Noticed Reudwior the pandemonium lord
 91897 | Pan      | Killed Reudwior the pandemonium lord
 91904 | Pan      | Found a runed translucent door.
 91953 | Pan      | Found an exit through the horrors of the Abyss.
 92303 | Pan      | Noticed Ixiet the pandemonium lord
 92319 | Pan      | Killed Ixiet the pandemonium lord
 93086 | Pan      | Found an exit through the horrors of the Abyss.
 93405 | Pan      | Entered the realm of Mnoleg.
 93757 | Pan      | Gained mutation: Your body sometimes deteriorates upon
                  | taking damage. [a neqoxec]
 94141 | Pan      | Noticed Mnoleg
 94155 | Pan      | Killed Mnoleg
 94210 | Pan      | Got a glowing rune of Zot
 94565 | Pan      | Noticed Suoxtat the pandemonium lord
 94582 | Pan      | Killed Suoxtat the pandemonium lord
 94775 | Pan      | Reached skill level 23 in Unarmed Combat
 95453 | Pan      | Entered the realm of Lom Lobon.
 95564 | Pan      | Found an exit through the horrors of the Abyss.
 96228 | Pan      | Noticed Lom Lobon
 96322 | Pan      | Got a magical rune of Zot
 96329 | Pan      | Killed Lom Lobon
 96579 | Pan      | Took an exit into the Abyss.
 96579 | Abyss:1  | Escaped into the Abyss
 97052 | Abyss:3  | Acquired the ring "Loynim" {Fire Dex+3}
 97053 | Abyss:3  | Acquired the ring "Orergha" {Fly rElec rN+ rCorr Str+3}
 97335 | Abyss:4  | Found a corrupted altar of Lugonu.
 97573 | Abyss:4  | Found a corrupted altar of Lugonu.
 97618 | Abyss:4  | Found a corrupted altar of Lugonu.
 97622 | Abyss:4  | Got an abyssal rune of Zot
 97643 | Depths:3 | Escaped the Abyss
 98019 | Slime:1  | Entered Level 1 of the Pits of Slime
 98580 | Slime:5  | Entered Level 5 of the Pits of Slime
 98726 | Slime:5  | Noticed the Royal Jelly
 98856 | Slime:5  | Killed the Royal Jelly
 99247 | Slime:5  | Identified Minnime's Reference Book on Blistering Flight
 99253 | Slime:5  | Identified the +1 flail of Doom {freeze, Str+4 Int+3}
 99256 | Slime:5  | Identified the +7 spear of Leababra {venom, Will- Int+2
                  | Dex+2 SInv}
 99262 | Slime:5  | Found the +9 staff of Olgreb {rPois∞}
 99267 | Slime:5  | Identified the ring of Ethar {Contam rCorr AC+4 Slay+5
                  | SInv}
 99280 | Slime:5  | Got a slimy rune of Zot
 99300 | Slime:5  | Identified the +4 ring mail "Ficoyt" {rCorr Dex+2}
 99306 | Slime:5  | Identified the +4 scimitar of Starshine {venom, rC+ Str+4}
 99308 | Slime:5  | Identified Bofeoduu's Disquisition on Battle Magic
 99317 | Slime:5  | Identified the +1 mace of the Sugar Beet {flame, *Slow
                  | rPois Will- Stlth+}
100930 | Hell     | Entered the Vestibule of Hell
100950 | Hell     | Noticed Geryon
100968 | Hell     | Found a gateway to the freezing wastes of Cocytus.
101182 | Hell     | Killed Geryon
101203 | Hell     | Reached skill level 24 in Unarmed Combat
101260 | Hell     | Found a gateway to the Iron City of Dis.
101450 | Hell     | Found a gateway to the decaying netherworld of Tartarus.
101700 | Hell     | Found a gateway to the ashen valley of Gehenna.
101817 | Tar:1    | Entered Level 1 of Tartarus
101956 | Tar:1    | Noticed a dread lich
101971 | Tar:1    | Killed a dread lich
102128 | Tar:2    | You fall into a shaft and drop 1 floor!
102322 | Tar:4    | You fall into a shaft and drop 2 floors!
102428 | Tar:7    | Entered Level 7 of Tartarus
102446 | Tar:7    | Identified the +1 great sword of the Evening {vorpal,
                  | Int+4}
102647 | Tar:7    | Noticed an ancient lich
102654 | Tar:7    | Killed an ancient lich
102654 | Tar:7    | Noticed a dread lich
102657 | Tar:7    | Killed a dread lich
102668 | Tar:7    | Identified the ring "Quiczef" {rPois rC- rN+ Str+6 Slay+4}
102686 | Tar:7    | Identified the ring of Fufaff {rCorr Dex+4}
103256 | Tar:7    | Found the +4 robe of Augmentation {Str+4 Int+4 Dex+4}
103259 | Tar:7    | Identified the +3 chain mail "Xuk Azedai" {rElec rPois rF-
                  | Str+3 Dex+3}
103260 | Tar:7    | Identified the Handbook of Igneous Lightness
103262 | Tar:7    | Identified the +1 ring mail of Midsummer {rPois rC- Str+9
                  | Int-2}
103269 | Tar:7    | Identified the +0 robe "Vicaxom" {rN+ Int+3 Slay+2}
103538 | Tar:7    | Reached skill level 25 in Unarmed Combat
103547 | Tar:7    | Noticed the Serpent of Hell
103547 | Tar:7    | Noticed Ereshkigal
103565 | Tar:7    | HP: 7/252 [Tzitzimitl (8)]
103565 | Tar:7    | Killed from afar by a shadow dragon

Illustrated notes

Levels and vault maps discovered:
D:1:      elethiomel_arrival_quiet, layout_loops_corners,
          chequers_serial_rivers_micro_a, kennysheep_decorative_pillar
D:2:      minmay_thinvault, layout_basic, basic_ecumenical_altar,
          chequers_big_river
D:3:      layout_loops_ring
D:4:      layout_basic, uniq_sigmund, uniq_edmund
D:5:      layout_layer_cave, serial_shops, nicolae_shop_crystal,
          kennysheep_nondescript, uniq_blork_the_orc
D:6:      layout_layer_cave, serial_shops, shop_statue, minmay_hedge_maze,
          minivault_14, hangedman_decor_slide_cut
D:7:      layout_basic, kennysheep_mini_moat, minmay_temple_entry_from_below_a,
          kennysheep_generic_room_7, uniq_pikel
D:8:      layout_basic, enter_ossuary_2, minmay_misc_feat_tower
D:9:      layout_rooms, lair_entry_dummy
D:10:     layout_stronghold, ebering_ghost_reflecting_pool,
          small_chamber_with_monster, uniq_erolcha, uniq_josephine, uniq_fannar,
          uniq_psyche
D:11:     layout_gridville, grunt_ministairs_14, chequers_serial_rivers_small_b,
          minmay_checkerbox
D:12:     layout_roguey, orc_0_dummy, enter_bailey_2
D:13:     layout_stronghold, serial_shops, nicolae_shop_waterfront
D:14:     layout_roguey, david_vaults_4, kennysheep_cluttered_room
D:15:     grunt_enter_depths_giant_problem, layout_loops_ring,
          nicolae_qazlal_style_of_elements, hangedman_decor_growths
Lair:1:   layout_long_grid
Lair:2:   layout_cave_pods, minmay_shoals_entry_beasts
Lair:3:   layout_long_grid, minmay_snake_entry_guardpost_small,
          minmay_lindwurm_lava, uniq_gastronok
Lair:4:   layout_concentric_octagons, wad_woods_03
Lair:5:   layout_gridlike, gammafunk_ghost_abyssal_escape, serial_rivers,
          chequers_serial_rivers_marsh, chequers_serial_rivers_room_b,
          chequers_serial_rivers_large_a, chequers_serial_rivers_room_b,
          chequers_serial_rivers_room_b
Lair:6:   due_jungle_book, layout_gridlike, minmay_slime_entry_jelly_boxes,
          nzn_masters_of_martial_movement, serial_bayou_shore_a,
          grunt_megastairs_1
Shoals:1: layout_shoals, lemuel_oklob_altar
Shoals:2: layout_shoals, uniq_polyphemus
Shoals:3: layout_shoals, portal_ice_cave_entry_ice_statue_one
Shoals:4: shoals_end_grunt_ice, layout_shoals
Snake:1:  layout_gridlike
Snake:2:  layout_chambers
Snake:3:  layout_cave_town, basic_altar, st_stairs_7, serial_bayou_pond_c,
          serial_bayou_shore_b, uniq_jorgrun, uniq_aizul
Snake:4:  grunt_snake_rune_spirals, layout_onion_interference, serial_shops,
          shop_statue, serial_bayou, serial_bayou_pond_a, serial_bayou_pond_c,
          serial_bayou_pond_e, serial_bayou_ford_a, serial_bayou_pond_a,
          st_stairs_11
Slime:1:  layout_caves
Slime:2:  layout_caves
Slime:3:  cheibrodos_slime_lost_civilization_3, layout_caves
Slime:4:  layout_caves, nicolae_slime_round_cave
Slime:5
Orc:1:    layout_caves
Orc:2:    grunt_orc_cross, layout_caves
Elf:1:    layout_loops_ring, serial_shops, shop, minmay_elf_demonology,
          uniq_nikola, uniq_frances
Elf:2:    layout_loops_cross, serial_shops, shop_coins
Elf:3:    minmay_elf_hall_dome, layout_loops_corners, hangedman_glass_teeth
Vaults:1: nicolae_vaults_disjoint_gnomons, nicolae_vaults_puzzle_piece,
          v_pattern_3, nicolae_vaults_diagonal_hallway_8, v_misc_1,
          vaults_dpeg_spiral, v_misc_19, ontoclasm_vaults_spin,
          nicolae_vaults_network_quinsquares
          [nicolae_vaults_network_quincunx_subvault,
          nicolae_vaults_network_quincunx_subvault,
          nicolae_vaults_network_quincunx_subvault,
          nicolae_vaults_network_quincunx_subvault], v_misc_25,
          vaults_dpeg_diagonal, ontoclasm_vaults_idyll, vaults_room_door_ring,
          layout_vaults_omnibox
Vaults:2: ploomutoo_gammafunk_vaults_ghost_potion_laboratory,
          nicolae_vaults_three_branches, ontoclasm_vaults_claustrophobia,
          hangedman_vaults_trim, vaults_room_corners, vaults_mumra_hex,
          nicolae_vaults_what_the_h, v_alt_pattern_1, ontoclasm_vaults_ligature,
          hangedman_vaults_impose, ontoclasm_vaults_chip, v_misc_23,
          vaults_dpeg_doors, layout_vaults_big_room, serial_shops,
          nicolae_shop_crystal
Vaults:3: v_rooms_6, ontoclasm_vaults_eye, nicolae_vaults_border_crossing,
          v_pattern_5, minmay_crypt_entry_simple_sparse,
          hangedman_vaults_stitches, vaults_standard_mumra_enter_the_diamond,
          v_misc_22, grunt_vaults_diagonal, ontoclasm_vaults_ring_square,
          layout_vaults_omnigrid
Vaults:4: v_misc_4, vaults_room_semicircle, hangedman_vaults_pinch,
          grunt_vaults_hallway_long, grunt_vaults_bifocal, grunt_vaults_swirl,
          vaults_room_grid, ontoclasm_vaults_shuriken, v_misc_8, v_rooms_4,
          grunt_vaults_hallway_short, layout_vaults_omnicross
Vaults:5: serial_shops
Crypt:1:  layout_misc_corridors, grunt_megastairs_5
Crypt:2:  layout_misc_corridors, minmay_misc_feat_five, grunt_ministairs_6,
          lemuel_elevator, uniq_bai_suzhen
Crypt:3:  due_elkab, layout_chaotic_city, nicolae_tomb_entry_rubble_hallway,
          minivault_23
Depths:1: layout_gridlike, hangedman_tar_grid_catacomb,
          nicolae_abyss_entry_one_way_or_another, kennysheep_donut,
          bh_walls_and_bars, uniq_mara, uniq_enchantress
Depths:2: minmay_guarded_unrand_sceptre_of_torment, layout_cave_shapes,
          pf_vacation_house_of_asmodeus, okawaru_ov_weapons_minmay,
          dispersion_dpeg, grunt_megastairs_2, infiniplex_staircase_river
Depths:3: evilmike_marble_ring, layout_basic, hangedman_decor_riveting,
          hellmouth_3, pan_entry, hex_intersection,
          minmay_staircase_windowed_small, serial_bayou_shore_b,
          minmay_shoptagon, uniq_asterion, uniq_margery
Depths:4: cheibrodos_hall_of_evolution, layout_cave_pools, ziggurat_fallback,
          abyss_entry, special_room [special_room_magic_class],
          lightli_too_deep, hex_medium, nicolae_rare_books, zin_angel,
          minmay_shop_grove, minmay_staircase_windowed_large,
          serial_bayou_shore_b, serial_bayou_shore_b
Depths:5: evilmike_zot_entry_diamond, layout_gridlike, serial_shops, shop, shop,
          hangedman_coc_ice_floe, special_room [special_room_jelly],
          abyss_entry, rand_demon_pan_entry_8, serial_bayou_shore_b
Hell
Tar:1:    grunt_deathspiral_small, layout_cathedral_of_symmetry
Tar:2:    layout_grid_maze
Tar:3:    layout_cathedral_of_symmetry, hangedman_snap_crack_crunch
Tar:4:    layout_grid_maze
Tar:6:    layout_grid_maze, grunt_megastairs_3
Tar:7:    tar_old
Zot:1:    layout_concentric_octagons, st_grand_hoard_of_tiamat
Zot:2:    layout_onion, gammafunk_ghost_crypt, zot_minivault_1
Zot:3:    kennysheep_bubbly, layout_misc_corridors
Zot:4:    layout_misc_corridors
Zot:5:    layout_concentric_octagons, lemuel_baited_zot_trap

Skill      XL: |  1  2  3  4  5  6  7  8  9 10 11 12 13 14 15 16 17 18 19 20 21 22 23 24 25 26 27 |
---------------+----------------------------------------------------------------------------------+-----
Stealth        | 3 4 5 6 9 10 12 15 20 | 20.2
Fighting       | 1 2 3 4 5 7 9 10 11 12 13 14 15 16 17 18 19 20 24 | 24.2
Conjurations   | 1 2 3 4 5 |  5.0
Spellcasting   | 3 4 5 6 7 8 9 10 11 15 | 15.2
Unarmed Combat | 1 3 6 9 11 12 13 15 16 17 18 19 20 21 25 | 25.0
Dodging        | 3 4 5 6 8 9 10 11 12 13 14 15 16 17 18 22 | 22.8
Earth Magic    | 4 5 6 7 8 9 11 12 13 14 24 | 24.8
Shields        | 4 7 9 10 12 13 14 15 24 | 24.4
Invocations    | 1 |  1.0
Hexes          | 2 3 5 |  5.0
Evocations     | 3 4 6 7 |  7.8
Transmutations | 6 9 10 | 10.3
Translocations | 2 5 10 11 13 | 13.0

Action                   |  1- 3 |  4- 6 |  7- 9 | 10-12 | 13-15 | 16-18 | 19-21 | 22-24 | 25-27 || total
-------------------------+-------+-------+-------+-------+-------+-------+-------+-------+-------++-------
Melee: Unarmed           |    12 |       |       |       |   459 |   858 |  1231 |   916 |  4343 ||  7819
       Constrict         |    12 |    10 |     3 |     3 |    71 |    89 |   228 |   132 |   317 ||   865
       Tentacles         |     5 |     4 |     2 |     2 |   112 |   179 |   273 |   246 |   850 ||  1673
       Dagger            |    37 |    48 |     6 |       |       |       |       |       |       ||    91
       Short sword       |       |       |     8 |     9 |    16 |       |       |       |       ||    33
       Staff             |       |       |       |       |    59 |       |       |       |       ||    59
       Punch             |       |       |       |       |    49 |    95 |   209 |   196 |   661 ||  1210
Throw: Dart              |       |     5 |     2 |     3 |       |       |       |       |       ||    10
       Javelin           |       |       |       |       |    16 |    10 |    21 |     4 |     5 ||    56
 Cast: Sandblast         |    10 |     8 |     2 |    21 |    28 |       |       |       |       ||    69
       Searing Ray       |       |    29 |    61 |    16 |       |       |       |       |       ||   106
       Magic Dart        |       |    31 |    98 |    69 |   190 |    27 |     1 |       |       ||   416
       Stone Arrow       |       |       |    29 |   236 |   424 |   275 |    17 |       |       ||   981
       Statue Form       |       |       |       |       |    49 |    83 |    86 |    56 |   257 ||   531
       Lee's Rapid Decon |       |       |       |       |     2 |    13 |       |       |       ||    15
       Dazzling Flash    |       |       |       |       |       |     4 |       |       |       ||     4
       Lesser Beckoning  |       |       |       |       |       |       |    37 |     2 |     2 ||    41
       Irradiate         |       |       |       |       |       |       |     6 |     2 |     6 ||    14
       Wereblood         |       |       |       |       |       |       |     1 |     2 |     8 ||    11
       Manifold Assault  |       |       |       |       |       |       |     7 |    51 |   809 ||   867
       Apportation       |       |       |       |       |       |       |       |     5 |     8 ||    13
       Shatter           |       |       |       |       |       |       |       |       |    53 ||    53
Invok: Shadow Step       |       |       |       |       |       |     1 |       |       |     1 ||     2
 Abil: End Transformatio |       |       |       |       |       |       |       |       |     1 ||     1
Evoke: Wand              |       |       |     1 |     4 |     7 |       |       |       |     8 ||    20
       Tin of tremorston |       |       |       |       |     2 |       |       |       |       ||     2
       Phial of floods   |       |       |       |       |       |     1 |       |       |       ||     1
       Condenser vane    |       |       |       |       |       |       |       |     2 |     1 ||     3
  Use: Scroll            |       |       |    10 |     6 |    11 |    13 |     7 |     6 |    23 ||    76
       Potion            |       |       |     2 |       |     2 |     2 |       |     8 |    25 ||    39
 Stab: Sleeping          |     9 |     5 |       |       |     4 |     7 |    20 |    11 |    43 ||    99
       Petrified         |       |       |       |       |     9 |     3 |       |       |       ||    12
       Petrifying        |       |       |       |       |     2 |       |       |       |       ||     2
       Distracted        |       |       |       |       |       |     4 |     2 |     7 |    33 ||    46
Armor: Skin              |     2 |     2 |     2 |     1 |   181 |   228 |   217 |   146 |   736 ||  1515
Dodge: Dodged            |    34 |    26 |    28 |    60 |   567 |   706 |   846 |   624 |  2784 ||  5675
Block: Kite shield       |       |       |    12 |    68 |   594 |  1310 |  1437 |  1010 |  1854 ||  6285
       Reflection        |       |       |       |       |     1 |   147 |   114 |    62 |    18 ||   342
       Tower shield      |       |       |       |       |       |       |       |       |  2084 ||  2084

Table legend: (Time is in decaauts)
 A = Elapsed time spent in this place.
 B = Non-inter-level travel time spent in this place.
 C = Inter-level travel time spent in this place.
 D = Time resting spent in this place.
 E = Time spent auto-exploring this place.
 F = Levels seen in this place.
 G = Mean time per level.
                   A        B        C        D        E       F      G
               +--------+--------+--------+--------+--------+-----+--------+
         Total | 120041 | 108975 |  11066 |  32078 |  46164 |  83 | 1446.3 |
       Dungeon |  27051 |  22395 |   4656 |   8860 |  10148 |  15 | 1803.4 |
          Lair |  15978 |  14230 |   1748 |   6001 |   5310 |   6 | 2663.0 |
        Shoals |   7711 |   7342 |    369 |   2267 |   2664 |   4 | 1927.8 |
     Snake Pit |   9598 |   8725 |    873 |   2798 |   3789 |   4 | 2399.5 |
    Slime Pits |   2865 |   2782 |     83 |   1029 |    988 |   5 |  573.0 |
  Orcish Mines |   3753 |   3401 |    352 |   1257 |   1205 |   2 | 1876.5 |
   Elven Halls |   4777 |   4594 |    183 |   1017 |   2303 |   3 | 1592.3 |
        Vaults |   9466 |   8520 |    946 |   1360 |   5163 |   5 | 1893.2 |
         Crypt |   4079 |   3797 |    282 |    425 |   2243 |   3 | 1359.7 |
        Depths |   9772 |   8669 |   1103 |   2261 |   4445 |   5 | 1954.4 |
          Hell |   1076 |    934 |    142 |    101 |    463 |   1 | 1076.0 |
      Tartarus |   2033 |   2024 |      9 |    197 |     28 |   6 |  338.8 |
           Zot |   7326 |   7011 |    315 |   1362 |   3804 |   5 | 1465.2 |
         Abyss |   1699 |   1699 |      0 |    220 |      4 |   5 |  339.8 |
   Pandemonium |  10617 |  10617 |      0 |   2217 |   3051 |  11 |  965.2 |
       Ossuary |    593 |    593 |      0 |    351 |     95 |   1 |  593.0 |
        Bailey |    479 |    479 |      0 |     81 |    119 |   1 |  479.0 |
      Ice Cave |   1162 |   1162 |      0 |    268 |    334 |   1 | 1162.0 |
               +--------+--------+--------+--------+--------+-----+--------+

Top non-repeatable levels by time:
 Snake:4: 4887 daAuts
  Lair:6: 2980 daAuts
  Lair:2: 2918 daAuts
  Lair:4: 2886 daAuts
  Lair:3: 2811 daAuts
     D:6: 2787 daAuts
     D:5: 2702 daAuts
Shoals:4: 2619 daAuts
   Orc:2: 2576 daAuts
     D:8: 2574 daAuts
  Lair:1: 2450 daAuts
Depths:3: 2397 daAuts
    D:10: 2359 daAuts
   Zot:1: 2205 daAuts
   Elf:3: 2198 daAuts
